 Dungeon Crawl Stone Soup version 0.29-a0-72-g1732ff48e7 (webtiles) character file.

Game seed: 197965370114614566

23029 HallandMoats the Grappler (level 13, -2/116 HPs)
             Began as a Ghoul Monk on Feb 4, 2022.
             Was a High Priest of Okawaru.
             Slain by a boulder beetle (23 damage)
             ... on level 13 of the Dungeon.
             The game lasted 00:25:24 (19569 turns).

HallandMoats the Grappler (Ghoul Monk)             Turns: 19569, Time: 00:25:24

Health: -2/116     AC: 16    Str: 20    XL:     13   Next: 4%
Magic:  20/20      EV: 12    Int:  5    God:    Okawaru [*****.]
Gold:   655        SH:  0    Dex: 11    Spells: 18/18 levels left

rFire   . . .      SeeInvis .     - Unarmed
rCold   + + +      Faith    +   (no shield)
rNeg    + + +      Spirit   .   E - +4 scale mail {rC+}
rPois   ∞          Reflect  .   N - +2 hat
rElec   .          Harm     .   w - +0 cloak
rCorr   .          Rampage  .   (no gloves)
Will    .....                   m - +0 pair of boots
Stlth   ..........              g - amulet of faith
HPRegen 0.00/turn               t - ring of protection from cold
MPRegen 0.17/turn               G - ring of flight

@: flying, inhibited regen
A: claws 1, cold resistance 1, negative energy resistance 3, inhibited
regeneration, torment resistance 2
a: Renounce Religion, Heroism, Finesse, Duel


You were on level 13 of the Dungeon.
You worshipped Okawaru.
Okawaru was extremely pleased with you.
You visited 2 branches of the dungeon, and saw 14 of its levels.

You collected 809 gold pieces.
You spent 154 gold pieces at shops.

Inventory:

Hand Weapons
 k - a +0 vampiric spear
 F - a +5 spear of flaming
 M - a +1 eveningstar of protection
Missiles
 b - 3 throwing nets (quivered)
Armour
 m - a +0 pair of boots (worn)
 w - a +0 cloak (worn)
 E - a +4 scale mail of cold resistance (worn)
 H - a +0 buckler
 N - a +2 hat (worn)
Jewellery
 a - an amulet of reflection
 g - an amulet of faith (around neck)
 i - a ring of fire
 r - a ring of ice
 t - a ring of protection from cold (left claw)
 G - a ring of flight (right claw)
Wands
 n - a wand of paralysis (6)
 u - a wand of iceblast (10)
 B - a wand of acid (6)
Scrolls
 d - 5 scrolls of teleportation
 e - a scroll of fear
 h - a scroll of enchant armour
 l - a scroll of amnesia
 o - 2 scrolls of fog
 q - 4 scrolls of enchant weapon
 s - 2 scrolls of blinking
 y - 2 scrolls of torment {unknown}
 C - 6 scrolls of identify
 J - a scroll of immolation {unknown}
Potions
 c - 2 potions of flight {unknown}
 f - 2 potions of degeneration {unknown}
 p - 2 potions of heal wounds
 v - 2 potions of magic {unknown}
 x - 5 potions of curing
 z - a potion of cancellation {unknown}
 A - a potion of haste {unknown}
 D - a potion of resistance {unknown}
 I - 2 potions of brilliance {unknown}
 K - a potion of might
 L - a potion of lignification {unknown}


   Skills:
 * Level 11.3 Fighting
 + Level 6.2 Armour
 + Level 6.9 Dodging
 - Level 2.1 Stealth
 + Level 6.2 Shields
 * Level 11.3 Unarmed Combat
 * Level 3.3 Spellcasting
 * Level 3.2 Air Magic
 * Level 10.7 Invocations


You had 18 spell levels left.
You didn't know any spells.
Your spell library contained the following spells:

 Spells                   Type           Power      Damage    Failure   Level
 Shock                    Conj/Air       8%         1d3       45%         1
 Swiftness                Air            4%         N/A       63%         3
 Airstrike                Air            2%         N/A       95%         4
 Iskenderun's Battlesphe  Conj           0%         2d6       100%        5
 Iron Shot                Conj/Erth      0%         9d1       100%        6
 Spellforged Servitor     Conj/Summ      Unusable   N/A       N/A         7

Dungeon Overview and Level Annotations

Branches:
Dungeon (13/15)            Temple (1/1) D:7            Lair (0/6) D:9
    Orc (0/2) D:10
 Vaults: D:13-14

Altars:
Ashenzari
Cheibriados
Dithmenos
Elyvilon
Fedhas
Gozag
Hepliaklqana
Kikubaaqudgha
Makhleb
Nemelex Xobeh
Okawaru
Qazlal
Ru
Sif Muna
Trog
Uskayaw
Vehumet
Wu Jian
Xom
Yredelemnul
Zin
The Shining One

Shops:
D:4 (   D:7 !   D:10 (   D:11 *


Innate Abilities, Weirdness & Mutations

You thrive by killing the living.
You are immune to poison.
You have sharp fingernails.
Your flesh is cold resistant. (rC+)
You are immune to negative energy. (rN+++)
You do not regenerate when monsters are visible.
You are immune to unholy pain and torment.


Message History

The boulder beetle is moderately wounded.
The boulder beetle bites you but does no damage.
You claw the boulder beetle!
The boulder beetle is heavily wounded.
The boulder beetle bites you but does no damage.
You scratch the boulder beetle.
The boulder beetle is heavily wounded.
The boulder beetle bites you but does no damage.
You claw the boulder beetle!
The boulder beetle is severely wounded.
You scratch the boulder beetle but do no damage.
The boulder beetle is severely wounded.
The boulder beetle bites you but does no damage.
You scratch the boulder beetle.
The boulder beetle is severely wounded.
The boulder beetle leaps!
You swing at nothing.
The boulder beetle leaps!
You swing at nothing.
The boulder beetle leaps!
You swing at nothing.
The boulder beetle bites you!!
You scratch the boulder beetle but do no damage.
The boulder beetle is severely wounded.
The boulder beetle bites you!
* * * LOW HITPOINT WARNING * * *
You scratch the boulder beetle but do no damage.
The boulder beetle is severely wounded.
The boulder beetle bites you but does no damage.
You scratch the boulder beetle.
The boulder beetle is almost dead.
The boulder beetle bites you.
* * * LOW HITPOINT WARNING * * *
You claw the boulder beetle!
The boulder beetle is almost dead.
The boulder beetle closely misses you.
You scratch the boulder beetle but do no damage.
The boulder beetle is almost dead.
You scratch the boulder beetle but do no damage.
The boulder beetle is almost dead.
The boulder beetle bites you!!
You die...

#### ...# . ...#
#######. ...# #$....#/
...# #.....# ...#
#.....# ...# #....B#
...#########.$[.@# #
...†.......####''#..#++
........[..............
.......................
...........####++#..#++
###........# ..#
#........# ..#
#........# .#
#........#


You could see a boulder beetle.

Vanquished Creatures
  Nessos (D:13)
  A yaktaur captain (D:10)
  Harold (D:8)
  2 hydras
  7 death yaks (D:8)
  3 two-headed ogres
  A death knight (D:12)
  3 deep elf pyromancers
  An ugly thing (D:9)
  A manticore (D:10)
  A cyclops (D:7)
  4 kobold demonologists
  3 trolls
  A slime creature (D:11)
  A vampire (D:12)
  A wraith (D:11)
  10 yaks
  A steam dragon (D:9)
  6 vampire mosquitoes
  3 acid dragons
  8 orc warriors
  2 sky beasts
  2 black bears
  A necrophage (D:5)
  11 ogres
  3 centaurs
  2 phantoms
  2 kobold brigands (D:9)
  4 bullfrogs
  6 gnoll sergeants
  4 scorpions
  A wyvern zombie (D:7)
  A water moccasin zombie (D:5)
  A water moccasin skeleton (D:4)
  15 killer bees
  10 wights
  A howler monkey (D:9)
  5 centaur zombies
  3 hounds
  2 bullfrog skeletons
  A bullfrog zombie (D:5)
  A gnoll shaman (D:9)
  10 orc priests
  A centaur skeleton (D:4)
  Ijyb (D:3)
  3 iguanas
  Natasha (D:3)
  10 orc wizards
  A killer bee zombie (D:8)
  A hound skeleton (D:4)
  A howler monkey zombie (D:11)
  9 gnolls
  10 adders
  2 white imps (D:5)
  An adder zombie (D:5)
  A worm (D:4)
  4 dart slugs
  37 orcs
  4 bats
  5 endoplasms
  2 giant cockroaches
  12 goblins
  5 hobgoblins
  27 kobolds
  2 quokkas (D:2)
  10 ball pythons
  A frilled lizard (D:2)
  7 rats
306 creatures vanquished.

Vanquished Creatures (others)
  An orc wizard (D:6)
  4 kobolds (D:9)
5 creatures vanquished.

Grand Total: 311 creatures vanquished

Notes
Turn   | Place    | Note
-------+----------+-------------------------------------------
     0 | D:1      | HallandMoats the Ghoul Monk began the quest for the Orb.
     0 | D:1      | Reached XP level 1. HP: 19/19 MP: 0/0
   126 | D:1      | Reached XP level 2. HP: 26/26 MP: 1/1
   673 | D:1      | Reached skill level 1 in Invocations
   796 | D:2      | Reached XP level 3. HP: 16/31 MP: 2/2
  1067 | D:2      | Found a faded altar of an unknown god.
  1696 | D:2      | Reached XP level 4. HP: 40/40 MP: 4/4
  2198 | D:3      | Noticed Ijyb
  2200 | D:3      | Paralysed by Ijyb for 5 turns
  2221 | D:3      | Paralysed by Ijyb for 5 turns
  2227 | D:3      | Killed Ijyb
  2228 | D:3      | Reached skill level 1 in Armour
  2905 | D:3      | Noticed Natasha
  2915 | D:3      | Killed Natasha
  2916 | D:3      | Reached XP level 5. HP: 38/46 MP: 5/5
  3063 | D:4      | Reached skill level 1 in Shields
  3095 | D:4      | Noticed an ogre
  3106 | D:4      | Killed an ogre
  3107 | D:4      | Reached XP level 6. HP: 45/53 MP: 6/6
  3684 | D:4      | Found Qedit's Antique Weapon Shop.
  3904 | D:4      | Reached skill level 5 in Unarmed Combat
  3904 | D:4      | Reached XP level 7. HP: 48/60 MP: 8/8
  4038 | D:5      | Entered Level 5 of the Dungeon
  4071 | D:5      | Reached skill level 5 in Fighting
  4706 | D:5      | Reached XP level 8. HP: 37/69 MP: 10/10
  5656 | D:6      | Reached skill level 5 in Invocations
  6086 | D:6      | Reached XP level 9. HP: 75/78 MP: 12/12
  6774 | D:7      | Noticed a cyclops
  6792 | D:7      | Killed a cyclops
  6986 | D:7      | Found Qiosmuvu's Distillery.
  7430 | D:7      | Bought a potion of curing for 42 gold pieces
  7430 | D:7      | Bought a potion of mutation for 112 gold pieces
  8335 | D:7      | Found a staircase to the Ecumenical Temple.
  8344 | Temple   | Entered the Ecumenical Temple
  8599 | Temple   | Became a worshipper of Warmaster Okawaru
  8599 | Temple   | Reached * piety under Okawaru
  8599 | Temple   | Reached ** piety under Okawaru
  9329 | D:8      | Noticed Harold
  9330 | D:8      | Reached skill level 5 in Dodging
  9330 | D:8      | Reached XP level 10. HP: 82/88 MP: 14/14
  9353 | D:8      | Killed Harold
  9353 | D:8      | Reached *** piety under Okawaru
 10462 | D:9      | Reached **** piety under Okawaru
 10577 | D:9      | Noticed a brown ugly thing
 10664 | D:9      | Killed a brown ugly thing
 11015 | D:9      | Noticed a death yak
 11018 | D:9      | Noticed a death yak
 11018 | D:9      | Noticed a death yak
 11018 | D:9      | Noticed a death yak
 11018 | D:9      | Noticed a death yak
 11018 | D:9      | Noticed a death yak
 11019 | D:9      | Found a staircase to the Lair.
 11019 | D:9      | Noticed a death yak
 11718 | D:8      | Killed a death yak
 11718 | D:8      | Reached ***** piety under Okawaru
 11936 | D:8      | Killed a death yak
 11937 | D:8      | Reached XP level 11. HP: 26/97 MP: 8/16
 12222 | D:8      | Killed a death yak
 12235 | D:8      | Killed a death yak
 12236 | D:8      | Reached skill level 5 in Armour
 12246 | D:8      | Killed a death yak
 12247 | D:8      | Reached skill level 5 in Shields
 12549 | D:8      | Killed a death yak
 12558 | D:8      | Killed a death yak
 12894 | D:9      | Noticed a four-headed hydra
 12902 | D:9      | Killed a four-headed hydra
 12902 | D:9      | Received a gift from Okawaru
 13023 | D:9      | Reached skill level 10 in Unarmed Combat
 13031 | D:9      | Reached skill level 10 in Fighting
 13177 | D:9      | Noticed a two-headed ogre
 13193 | D:9      | Killed a two-headed ogre
 13700 | D:9      | Noticed a two-headed ogre
 13707 | D:9      | Killed a two-headed ogre
 14254 | D:10     | Entered Level 10 of the Dungeon
 14437 | D:10     | Reached XP level 12. HP: 89/107 MP: 18/18
 14612 | D:10     | Identified the +0 leather armour "Leesedoycs" {rF+ rC+ MP+9
                  | Str+2}
 14916 | D:10     | Found Qisafut's Weapon Boutique.
 15085 | D:10     | Noticed a yaktaur captain
 15106 | D:10     | Killed a yaktaur captain
 15107 | D:10     | Reached skill level 10 in Invocations
 15331 | D:10     | Found a staircase to the Orcish Mines.
 15339 | D:10     | Reached skill level 1 in Spellcasting
 15343 | D:10     | Reached skill level 1 in Air Magic
 16001 | D:11     | Noticed a four-headed hydra
 16013 | D:11     | Killed a four-headed hydra
 16914 | D:11     | Received a gift from Okawaru
 17946 | D:11     | Found Yrador's General Store.
 18139 | D:12     | Noticed a two-headed ogre
 18148 | D:12     | Killed a two-headed ogre
 19111 | D:12     | Found a bloodstained altar of Trog.
 19318 | D:12     | Noticed a death knight
 19324 | D:12     | Killed a death knight
 19324 | D:12     | Received a gift from Okawaru
 19395 | D:13     | Noticed Nessos
 19407 | D:13     | Killed Nessos
 19408 | D:13     | Reached XP level 13. HP: 93/116 MP: 12/20
 19569 | D:13     | Slain by a boulder beetle

Illustrated notes

Levels and vault maps discovered:
D:1:      minmay_arrival_diagonal_passages, layout_loops_ring
D:2:      layout_basic, nicolae_ecumenical_snake_handling, minmay_cut_off
D:3:      layout_loops_ring, uniq_ijyb, uniq_natasha
D:4:      layout_rooms, serial_shops, nicolae_shop_statue_plus
D:5:      layout_loops_ring
D:6:      layout_cave_pods
D:7:      layout_rooms, temple_hall, serial_shops,
          nicolae_shop_advertising_works [nicolae_subvault_shop_adworks]
D:8:      layout_loops_ring, elyvilon_altar_5, uniq_harold
D:9:      layout_stronghold, dpeg_lair_monsters, minmay_mirror_moons_of_madness
D:10:     layout_rooms, kennysheep_orc_monster_closet_entryway, serial_shops,
          nicolae_shop_bloodbath_and_beyond, kennysheep_just_a_vault
D:11:     minmay_distorted_concentric_squares, layout_irregular_city,
          serial_shops, nicolae_lakefront_shop
D:12:     layout_irregular_city, trog_hazing_becter
D:13:     layout_stronghold, skrybe_vaults_entry_preservation, hex_tiny,
          nicolae_dithmenos_through_a_glass_darkly, uniq_nessos
Temple:   mainiacjoe_temple_hex_bubbles

Skill      XL: |  1  2  3  4  5  6  7  8  9 10 11 12 |
---------------+-------------------------------------+-----
Invocations    | 1 2 3 4 5 7 8 9 10 | 10.7
Dodging        | 3 4 5 6 |  6.9
Armour         | 1 2 3 4 5 6 |  6.2
Unarmed Combat | 4 5 6 7 9 10 11 | 11.3
Fighting       | 4 5 6 7 9 10 11 | 11.3
Shields        | 1 2 3 4 5 6 |  6.2
Spellcasting   | 3 |  3.3
Air Magic      | 3 |  3.2
Stealth        | |  2.1

Action                   |  1- 3 |  4- 6 |  7- 9 | 10-12 | 13-15 || total
-------------------------+-------+-------+-------+-------+-------++-------
Melee: Unarmed           |   102 |   194 |   378 |   780 |    36 ||  1490
       Punch             |       |     5 |    11 |    55 |     3 ||    74
Invok: Heroism           |       |       |       |     7 |       ||     7
       Finesse           |       |       |       |     3 |       ||     3
  Use: Scroll            |       |       |    11 |     1 |       ||    12
 Stab: Sleeping          |     8 |       |       |       |       ||     8
Armor: Robe              |    11 |       |       |       |       ||    11
       Plate armour      |       |   125 |   197 |   141 |       ||   463
       Scale mail        |       |       |       |   287 |    15 ||   302
Dodge: Dodged            |    53 |    42 |    93 |   484 |    15 ||   687

Table legend: (Time is in decaauts)
 A = Elapsed time spent in this place.
 B = Non-inter-level travel time spent in this place.
 C = Inter-level travel time spent in this place.
 D = Time resting spent in this place.
 E = Time spent auto-exploring this place.
 F = Levels seen in this place.
 G = Mean time per level.
                   A        B        C        D        E       F      G
               +--------+--------+--------+--------+--------+-----+--------+
         Total |  19296 |  18928 |    368 |   3737 |  12134 |  14 | 1378.3 |
       Dungeon |  19006 |  18708 |    298 |   3737 |  11916 |  13 | 1462.0 |
        Temple |    290 |    220 |     70 |      0 |    218 |   1 |  290.0 |
               +--------+--------+--------+--------+--------+-----+--------+

Top non-repeatable levels by time:
     D:8: 2814 daAuts
     D:9: 2578 daAuts
    D:11: 2052 daAuts
     D:7: 1635 daAuts
     D:6: 1504 daAuts
    D:10: 1325 daAuts
     D:5: 1323 daAuts
    D:12: 1313 daAuts
     D:2: 1250 daAuts
     D:4: 1245 daAuts
     D:3: 996 daAuts
     D:1: 779 daAuts
  Temple: 290 daAuts
    D:13: 186 daAuts
